 Dungeon Crawl Stone Soup version 0.20.1-1-g8b1a95d (webtiles) character file.

7605 Zachthehappycat the Fighter (level 10, -5/92 HPs)
             Began as a Minotaur Berserker on July 8, 2017.
             Was a High Priest of Trog.
             Slain by an orc warlord
             ... wielding a +0 dire flail of protection
              (27 damage)
             ... while paralysed by an orc sorcerer
             ... on level 1 of the Orcish Mines on July 9, 2017.
             The game lasted 00:34:28 (7529 turns).

Zachthehappycat the Fighter (Minotaur Berserker)    Turns: 7529, Time: 00:34:29

Health: -5/92      AC: 19    Str: 24    XL:     10   Next: 98%
Magic:  13/13      EV:  2    Int:  4    God:    Trog [*****.]
Gold:   647        SH:  0    Dex: 11    Spells: 9/9 levels left

rFire    . . .     SeeInvis .   i - +2 hand axe (vamp)
rCold    . . .     Gourm    .   (no shield)
rNeg     . . .     Faith    .   x - +0 chain mail
rPois    .         Spirit   .   (helmet restricted)
rElec    .         Reflect  .   (no cloak)
rCorr    .         Harm     .   A - +0 pair of gloves
MR       .....                  w - +0 pair of boots
Stlth    ..........             (no amulet)
Regen    0.3/turn               q - +6 ring of protection
MPRegen  0.2/turn               (no ring)

@: paralysed, berserk cooldown, slowed, drained
A: retaliatory headbutt, horns 2
a: Berserk, Trog's Hand, Brothers in Arms, Burn Spellbooks, Renounce Religion


You were on level 1 of the Orcish Mines.
You worshipped Trog.
Trog was extremely pleased with you.
You were not hungry.

You visited 2 branches of the dungeon, and saw 10 of its levels.

You collected 647 gold pieces.

Inventory:

Hand Weapons
 i - a +2 vampiric hand axe (weapon)
 G - a +0 shortbow
 I - a +1 dagger of chaos
 M - a +0 blowgun
 R - a +0 fustibalus
 S - a +0 spear of venom
Missiles
 a - 5 poisoned javelins
 d - 167 stones (quivered)
 j - 8 javelins of penetration
 y - 10 tomahawks
 C - 5 steel javelins
 E - 94 arrows
 N - 8 poisoned needles
Armour
 w - a +0 pair of boots (worn)
 x - a +0 chain mail (worn)
 A - a +0 pair of gloves (worn)
Jewellery
 q - a +6 ring of protection (left hand)
Wands
 p - a wand of iceblast (5/15)
 H - a wand of lightning (9/15)
 K - a wand of confusion (26/48)
 O - a wand of paralysis (7/24)
Scrolls
 e - a scroll of recharging
 m - 2 scrolls of fear
 n - 3 scrolls of remove curse
 o - a scroll of random uselessness {unknown}
 u - a scroll of magic mapping {unknown}
 z - a scroll of fog {unknown}
 F - 4 scrolls of immolation {unknown}
 P - 3 scrolls of acquirement {unknown}
 T - a scroll of enchant armour {unknown}
 U - a scroll of torment {unknown}
Potions
 b - a potion of degeneration {unknown}
 f - a potion of might
 g - a potion of agility
 k - 2 potions of flight
 l - 3 potions of curing
 r - 4 potions of brilliance
 s - 2 potions of heal wounds
 t - 2 potions of haste {unknown}
 v - a potion of magic {unknown}
 B - a potion of invisibility {unknown}
 D - a potion of cancellation
 L - a potion of mutation {unknown}
Comestibles
 c - 4 bread rations
 h - 5 meat rations
 J - 4 royal jellies
 Q - a chunk of flesh


   Skills:
 + Level 9.6(9.1) Fighting
 + Level 8.2 Axes
   Level 4.3(6.3) Maces & Flails
 + Level 5.4(4.9) Throwing
 + Level 9.1(8.6) Armour
 + Level 8.1(7.6) Dodging
 + Level 5.9(5.4) Evocations


You had 9 spell levels left.
You didn't know any spells.

Dungeon Overview and Level Annotations

Branches:
Dungeon (9/15)             Temple (0/1) D:6             Orc (1/2) D:9
   Lair: D:8-11

Altars:
Ashenzari
Sif Muna
The Shining One

Shops:
D:4 %==   D:5 *


Innate Abilities, Weirdness & Mutations

You reflexively headbutt those who attack you in melee.
You have a pair of horns on your head.


Message History

* * * LOW HITPOINT WARNING * * *
The orc hits you but does no damage.
The orc sorcerer hits you with a dagger.
* * * LOW HITPOINT WARNING * * *
The orc warlord completely misses you.
The orc no longer looks unusually strong.
The orc hits you but does no damage.
The orc warlord roars a battlecry!
The orc goes into a battle-frenzy!
The orc no longer looks unusually strong.
The orc wizard hits you but does no damage.
The orc hits you but does no damage.
The orc warlord roars a battlecry!
The orc goes into a battle-frenzy!
The orc wizard hits you but does no damage.
The orc sorcerer hits you but does no damage.
The orc hits you but does no damage.
The orc wizard hits you but does no damage.
The orc warlord hits you with a dire flail of protection!!
You die...

#.###.# .......
##....... # ##
##........
#.##.##.........
........oO...$..
#...ooo......
#..)@o3.....
##...##o.....
##.....# ....#
#...#.## ....
##...## ...
##.## .. ### .


You could see an orc warlord, a smoke demon, an orc sorcerer, an ogre, an orc
wizard and 3 orcs.

Vanquished Creatures
  3 two-headed ogres
  Pikel (D:7)
  An orc sorcerer (Orc:1)
  Psyche (D:8)
  Prince Ribbit (D:6)
  A hornet (D:7)
  Grinder (D:6)
  A hippogriff (D:7)
  4 hogs (D:7)
  A human (D:7)
  Menkaure (D:7)
  Edmund (D:6)
  A water moccasin (D:8)
  A phantom (D:5)
  A black bear (D:8)
  A sky beast (D:5)
  4 ogres
  4 centaurs
  A bullfrog (D:6)
  2 big kobolds
  A gnoll sergeant (D:9)
  5 scorpions
  4 killer bees (D:9)
  A crimson imp (D:5)
  2 hounds
  9 orc priests
  7 orc wizards
  2 bullfrog skeletons
  2 iguanas
  6 worker ants
  A killer bee zombie (D:5)
  A worker ant zombie (D:8)
  10 adders
  3 gnolls (D:9)
  4 shadow imps
  4 oozes
  An adder zombie (D:8)
  2 adder skeletons
  4 worms
  4 dart slugs
  3 leopard geckos
  31 orcs
  7 giant cockroaches
  7 hobgoblins
  8 jackals
  2 quokkas
  2 ball pythons
  10 bats
  7 frilled lizards
  A giant cockroach zombie (D:6)
  7 goblins
  13 kobolds
  6 rats
  A plant (D:1)
210 creatures vanquished.

Notes
Turn   | Place    | Note
-------+----------+-------------------------------------------
     0 | D:1      | Zachthehappycat the Minotaur Berserker began the quest for the Orb.
     0 | D:1      | Reached XP level 1. HP: 19/19 MP: 0/0
   118 | D:1      | Reached XP level 2. HP: 24/27 MP: 1/1
   518 | D:1      | Reached ** piety under Trog
   664 | D:1      | Reached XP level 3. HP: 31/33 MP: 2/2
  1092 | D:2      | Reached XP level 4. HP: 20/41 MP: 3/3
  1689 | D:3      | Reached XP level 5. HP: 26/47 MP: 4/4
  1982 | D:3      | Found a shattered altar of Ashenzari.
  2123 | D:3      | Reached *** piety under Trog
  2145 | D:3      | Reached skill level 5 in Fighting
  2547 | D:3      | Noticed a two-headed ogre
  2554 | D:3      | Killed a two-headed ogre
  2554 | D:3      | Reached skill level 5 in Armour
  2554 | D:3      | Reached XP level 6. HP: 57/57 MP: 4/6
  2554 | D:3      | Reached XP level 7. HP: 63/63 MP: 4/7
  2899 | D:4      | Found Woqy's Jewellery Shop.
  2992 | D:4      | Reached skill level 5 in Dodging
  2997 | D:4      | Found a glowing golden altar of the Shining One.
  3082 | D:4      | Found Esyxyi's Food Shop.
  3129 | D:4      | Found Evel's Jewellery Shoppe.
  3256 | D:5      | Entered Level 5 of the Dungeon
  3264 | D:5      | Reached XP level 8. HP: 69/70 MP: 9/9
  3340 | D:5      | Found Fiupn's General Store.
  3467 | D:5      | Reached skill level 1 in Throwing
  3507 | D:5      | Received a gift from Trog
  3713 | D:5      | Reached skill level 5 in Axes
  3877 | D:6      | Noticed Edmund
  3882 | D:6      | Reached **** piety under Trog
  3904 | D:6      | Killed Edmund
  3970 | D:6      | Noticed Grinder
  3970 | D:6      | Paralysed by Grinder for 5 turns
  3978 | D:6      | Paralysed by Grinder for 2 turns
  3984 | D:6      | Killed Grinder
  3984 | D:6      | Reached XP level 9. HP: 57/79 MP: 9/11
  4012 | D:6      | Received a gift from Trog
  4244 | D:6      | Found a staircase to the Ecumenical Temple.
  4244 | D:6      | Noticed Prince Ribbit
  4378 | D:6      | Killed Prince Ribbit
  4862 | D:7      | Noticed Menkaure
  4876 | D:7      | Killed Menkaure
  4916 | D:7      | Noticed Pikel
  4937 | D:7      | Killed Pikel
  4937 | D:7      | Reached skill level 5 in Evocations
  4937 | D:7      | Reached XP level 10. HP: 64/90 MP: 12/12
  5383 | D:7      | Found a deep blue altar of Sif Muna.
  5682 | D:8      | Noticed a two-headed ogre
  5692 | D:8      | Killed a two-headed ogre
  5881 | D:8      | Noticed Psyche
  5903 | D:8      | Paralysed by Psyche for 5 turns
  5909 | D:8      | Killed Psyche
  6892 | D:8      | Reached skill level 5 in Throwing
  7105 | D:9      | Reached ***** piety under Trog
  7235 | D:9      | Found a staircase to the Orcish Mines.
  7491 | Orc:1    | Entered Level 1 of the Orcish Mines
  7497 | Orc:1    | Noticed a two-headed ogre
  7501 | Orc:1    | Noticed an orc sorcerer
  7504 | Orc:1    | Killed a two-headed ogre
  7505 | Orc:1    | Noticed an orc warlord
  7505 | Orc:1    | Noticed an orc sorcerer
  7510 | Orc:1    | Noticed a sun demon
  7511 | Orc:1    | Noticed a smoke demon
  7520 | Orc:1    | Killed an orc sorcerer
  7525 | Orc:1    | Paralysed by an orc sorcerer for 5 turns
  7529 | Orc:1    | Slain by an orc warlord

Skill      XL: |  1  2  3  4  5  6  7  8  9 10 |
---------------+-------------------------------+-----
Fighting       | 4 6 7 8 9 |  9.6
Maces & Flails | 4 |  4.3
Armour         | 3 4 5 6 8 9 |  9.1
Dodging        | 3 4 5 6 7 8 |  8.1
Axes           | 3 5 7 8 |  8.2
Evocations     | 2 4 5 |  5.9
Throwing       | 2 4 5 |  5.4

Action                   |  1- 3 |  4- 6 |  7- 9 | 10-12 || total
-------------------------+-------+-------+-------+-------++-------
Melee: Mace              |   103 |    54 |       |       ||   157
       Headbutt          |    22 |    17 |    43 |    36 ||   118
       Hand axe          |       |    16 |   272 |   150 ||   438
Throw: Stone             |       |     1 |     3 |       ||     4
Invok: Berserk           |       |     2 |     7 |     5 ||    14
       Burn Spellbooks   |       |       |       |     4 ||     4
  Use: Scroll            |       |     9 |     3 |     3 ||    15
       Potion            |       |       |     4 |     2 ||     6
  Eat: Chunk             |     1 |     5 |    16 |     8 ||    30
       Bread ration      |       |     1 |     1 |       ||     2
       Meat ration       |       |       |       |     1 ||     1
Armor: Animal skin       |    17 |    13 |       |       ||    30
       Scale mail        |       |     8 |    18 |       ||    26
       Chain mail        |       |       |   110 |    96 ||   206
Dodge: Dodged            |    47 |    49 |   145 |    79 ||   320
